Map: Chantier naval orbital

Players

Anglahr - Winner!

  • Race: Protoss Protoss

AgCl

  • Race: Protoss Protoss

VOD

Have the link to the VOD?

Description

Time

  • Played on: May 6, 2015, 5:13 p.m.
  • Length: 5:37
Show
View Real Time Build Order
Export as new Build Order

Anglahr Protoss - Winner!

Build Orders: Nexus First 

Get SALT Encoding   

  12  0:01  Probe  
  13  0:13  Pylon  
  13  0:20  Probe (Chrono Boost)  
  14  0:32  Probe (Chrono Boost)  
  15  0:42  Probe (Chrono Boost)  
  16  0:49  Probe  
  17  1:01  Probe  
  17  1:04  Nexus  
  18  1:11  Gateway  
  18  1:19  Probe, Assimilator  
  19  1:31  Probe  
  20  1:36  Pylon  
  20  1:43  Probe  
  21  1:50  Assimilator  
  21  1:55  Probe (Chrono Boost)  
  21  1:59  Cybernetics Core  
  21  2:00  Zealot  
  24  2:07  Probe (Chrono Boost)  
  25  2:11  Gateway  
  26  2:16  Probe (Chrono Boost)  
  26  2:19  Probe (Chrono Boost)  
  27  2:24  Probe  
  28  2:31  Probe  
  28  2:35  Warp Gate (Chrono Boost)  
  29  2:40  Pylon  
  29  2:41  Probe  
  29  2:44  Mothership Core  
  32  2:45  Adept  
  34  2:53  Probe  
  35  2:59  Stalker  
  35  3:05  Probe x2  
  39  3:14  Robotics Facility  
  39  3:17  Probe  
  40  3:24  Probe  
  40  3:25  Pylon  
  40  3:26  Sentry  
  43  3:29  Probe  
  43  3:32  Stalker  
  46  3:39  Probe  
  48  3:41  Probe  
  48  3:50  Gateway  
  52  4:14  Immortal (Chrono Boost), Pylon  
  52  4:15  Pylon  
  50  4:26  Pylon  
  50  4:33  Pylon  
  50  4:38  Stalker  
  48  4:45  Gateway x2  
  48  4:49  Immortal (Chrono Boost)  
  52  4:53  Stalker  
  54  5:01  Stalker  
  54  5:05  Zealot  
  54  5:17  Stalker  
  52  5:25  Stalker  
  52  5:26  Zealot  
Show
View Real Time Build Order
Export as new Build Order

AgCl Protoss 

Build Orders:  

Get SALT Encoding   

  12  0:14  Pylon  
  12  0:35  Gateway  
  12  0:36  Probe, Assimilator  
  13  0:48  Probe  
  14  1:00  Probe  
  15  1:12  Probe (Chrono Boost)  
  16  1:22  Probe (Chrono Boost)  
  16  1:23  Cybernetics Core  
  17  1:29  Probe  
  18  1:46  Probe  
  19  1:50  Pylon  
  19  1:59  Warp Gate (Chrono Boost)  
  19  2:01  Probe  
  20  2:08  Gateway  
  20  2:10  Gateway  
  20  2:12  Gateway  
  20  2:13  Probe  
  21  2:24  Pylon  
  21  2:26  Probe  
  22  2:39  Probe  
  23  2:45  Assimilator  
  23  3:01  Probe  
  24  3:33  Stalker  
  26  3:35  Stalker x3  
  32  3:48  Pylon  
  32  3:49  Pylon  
  31  4:06  Stalker x3  
  31  4:07  Zealot  
  33  4:29  Stalker x2  
  33  4:37  Zealot x2  
  37  4:44  Twilight Council  
  37  4:46  Probe  
  37  4:47  Nexus  
  38  4:56  Sentry  
  38  4:58  Zealot  
  38  5:14  Zealot x2  
  38  5:25  Zealot x2  
Tags
 
Add a new tag
Caveats
  • Supply blocks, unpowered buildings, or Contaminate may cause inaccurate times.
  • Supply counts are checked every 10 seconds.